 Dungeon Crawl Stone Soup version 0.24.0-125-gc4c63601f3 (webtiles) character file.

Game seed: 11466189222684722685, levelgen mode: deterministic

86 Curus the Twirler (level 4, -4/33 HPs)
             Began as a Demonspawn Gladiator on Feb 17, 2020.
             Slain by an orc wizard
             ... wielding a +0 dagger
              (5 damage)
             ... on level 4 of the Dungeon.
             The game lasted 00:04:50 (663 turns).

Curus the Twirler (Demonspawn Gladiator)             Turns: 663, Time: 00:04:52

Health: -4/33      AC:  7    Str: 14    XL:     4   Next: 27%
Magic:  4/4        EV: 13    Int:  9    God:
Gold:   61         SH:  0    Dex: 16    Spells: 3/3 levels left

rFire    . . .     SeeInvis .   a - +1 quarterstaff
rCold    . . .     Gourm    .   (shield currently unavailable)
rNeg     . . .     Faith    .   b - +1 leather armour
rPois    .         Spirit   .   c - +0 helmet
rElec    .         Reflect  .   (no cloak)
rCorr    .         Harm     .   (no gloves)
MR       .....                  (no boots)
Stlth    +.........             (no amulet)
HPRegen  0.11/turn              (no ring)
MPRegen  0.09/turn              (no ring)

@: lethally poisoned (-4 -> -14)
A: icy blue scales 1
a: no special abilities


You were on level 4 of the Dungeon.
You were not hungry.

You visited 1 branch of the dungeon, and saw 3 of its levels.

You collected 61 gold pieces.

Inventory:

Hand Weapons
 a - a +1 quarterstaff (weapon)
Missiles
 d - 3 throwing nets (quivered)
Armour
 b - a +1 leather armour (worn)
 c - a +0 helmet (worn)
Scrolls
 g - 4 scrolls of remove curse
Potions
 e - a potion of agility
 h - a potion of curing
Comestibles
 f - 2 rations


   Skills:
 - Level 2.0 Fighting
 + Level 4.7 Staves
 - Level 1.7 Throwing
 - Level 2.6 Dodging


You had 3 spell levels left.
You didn't know any spells.
Your spell library was empty.

Dungeon Overview and Level Annotations

Branches:
Dungeon (2/15)

Altars:


Innate Abilities, Weirdness & Mutations

You are partially covered in icy blue scales. (AC +2)


Message History

The orc hits you but does no damage. The worker ant bites you.
* * * LOW HITPOINT WARNING * * *
The orc closely misses you. The leopard gecko barely misses you.
You sock the worker ant!
You kill the worker ant!
You have reached level 4!
You feel agile.
* * * LOW HITPOINT WARNING * * *
You feel sick. The orc closely misses you. The orc misses you.
The leopard gecko bites you.
* * * LOW HITPOINT WARNING * * *
The orc misses you. The orc wizard barely misses you.
You barely miss the orc wizard.
The orc wizard is moderately wounded.
* * * LOW HITPOINT WARNING * * *
You feel sick.
The leopard gecko bites you but does no damage.
The orc misses you. x2; The orc closely misses you.
The orc wizard hits you with a +0 dagger.
You die...

........#
#......#
#......#
#......#
#......+
#......#
#.....?#
#oo....#
#@o.$..#
#ol....#
#W.....#
+......#
#......#
.......+
.......#
.......#


You could see a phantom, an orc wizard, 3 orcs and a leopard gecko.

Vanquished Creatures
  An orc wizard (D:4)
  A worker ant (D:4)
  A worm (D:2)
  A dart slug (D:1)
  3 leopard geckos
  3 giant cockroaches
  2 hobgoblins (D:1)
  A quokka (D:2)
  5 bats
  2 frilled lizards (D:2)
  2 goblins (D:1)
  4 kobolds (D:1)
  3 rats (D:1)
29 creatures vanquished.

Notes
Turn   | Place    | Note
-------+----------+-------------------------------------------
     0 | D:1      | Curus the Demonspawn Gladiator began the quest for the Orb.
     0 | D:1      | Reached XP level 1. HP: 16/16 MP: 1/1
    47 | D:1      | Reached skill level 3 in Staves
    71 | D:1      | Gained mutation: You are partially covered in icy blue
                  | scales. (AC +2) [demonic ancestry]
    71 | D:1      | Reached XP level 2. HP: 13/22 MP: 2/2
   517 | D:2      | Reached XP level 3. HP: 27/27 MP: 3/3
   648 | D:2      | You fall into a shaft and drop 2 floors!
   656 | D:4      | Reached skill level 4 in Staves
   657 | D:4      | Noticed a phantom
   662 | D:4      | Reached XP level 4. HP: 5/33 MP: 4/4
   663 | D:4      | HP: 1/33 [poisoned by a worker ant]
   663 | D:4      | Slain by an orc wizard

Levels and vault maps discovered:
D:1:      minmay_arrival_arboretum_small, layout_rooms, minmay_close_crescents
D:2:      layout_loops_cross, first_ration
D:4:      layout_gridville, uniq_sigmund, uniq_menkaure, uniq_eustachio,
          uniq_edmund

Skill      XL: |  1  2  3 |
---------------+----------+-----
Staves         | 3 4 |  4.7
Fighting       | |  2.0
Throwing       | |  1.7
Dodging        | |  2.6

Action                   |  1- 3 |  4- 6 || total
-------------------------+-------+-------++-------
Melee: Quarterstaff      |   100 |     1 ||   101
  Use: Scroll            |     5 |       ||     5
       Potion            |     1 |       ||     1
Armor: Leather armour    |    49 |     1 ||    50
Dodge: Dodged            |    77 |     7 ||    84
